Map: Beckett Industries LE

Players

Player 2

  • Race: Terran Terran

TheAbbott - Winner!

  • Race: Terran Terran
  • League: Platinum

VOD

Have the link to the VOD?

Description

Time

  • Played on: July 25, 2021, 10:02 p.m.
  • Length: 7:33
Show
View Real Time Build Order
Export as new Build Order

Player 2 Terran 

Build Orders:  

Get SALT Encoding   

  12  0:00  SCV  
  13  0:13  SCV  
  14  0:18  Supply Depot  
  14  0:38  Refinery  
  14  0:44  Barracks  
  14  1:04  Supply Depot  
  14  1:13  Refinery  
  14  1:30  SCV  
  14  1:31  Marine  
  16  1:43  SCV  
  17  1:55  SCV  
  18  2:02  Marine  
  18  2:07  SCV  
  20  2:19  SCV  
  21  2:31  SCV  
  21  2:33  Marine  
  23  2:44  Orbital Command  
  23  4:53  Marine  
  23  4:54  SCV  
  23  4:56  Supply Depot  
  12  5:06  SCV  
Show
View Real Time Build Order
Export as new Build Order

TheAbbott Terran - Winner!

Build Orders: 1/1/1 

Get SALT Encoding   

  12  0:00  SCV  
  13  0:12  SCV  
  14  0:17  Supply Depot  
  14  0:24  SCV  
  15  0:38  SCV  
  15  0:40  Barracks  
  16  0:44  Refinery  
  16  0:51  SCV  
  16  0:53  Refinery  
  17  1:03  SCV  
  18  1:18  SCV  
  19  1:27  Marine  
  19  1:30  Orbital Command  
  19  1:32  Factory  
  20  1:42  Supply Depot  
  20  1:46  Marine  
  21  1:55  SCV  
  22  2:04  Marine  
  22  2:07  SCV  
  24  2:16  Starport  
  24  2:17  Factory Tech Lab  
  24  2:21  Marine  
  25  2:29  Supply Depot, SCV  
  26  2:45  Factory Tech Lab  
  26  2:47  Marine, SCV  
  26  2:48  Stimpack  
  28  2:54  Supply Depot  
  28  3:05  Marine  
  28  3:06  Siege Tank  
  28  3:07  Medivac  
  34  3:23  Marine  
  35  3:37  Medivac  
  35  3:41  Siege Tank, Marine  
  41  4:04  Command Center  
  41  4:27  Engineering Bay, Starport Reactor, Barracks x2  
  41  4:38  Factory Reactor  
  41  4:39  Marine  
  41  5:53  Engineering Bay, Combat Shield  
  41  5:55  Starport Reactor  
  41  5:58  Marine x2  
  41  5:59  Marine x3  
  41  6:02  Siege Tank  
  49  6:19  Orbital Command  
  49  6:24  Supply Depot  
  49  6:26  Marine x2  
  49  6:27  Marine x3  
  54  6:45  SCV x2  
  56  6:51  Supply Depot  
  56  6:57  Marine x5, SCV x2  
  63  7:10  Supply Depot  
  63  7:13  SCV x2  
  63  7:14  Marine x2  
  63  7:15  Marine x2  
Tags
 
Add a new tag
Caveats
  • Supply blocks, unpowered buildings, or Contaminate may cause inaccurate times.
  • Supply counts are checked every 10 seconds.